 Dungeon Sprint DCSS version 0.27.1-4-g1640c2035a (webtiles) character file.

Game seed: 11613428374839625426

1052 boopmooplesden the Protected (level 8, -2/79 HPs)
             Began as a Minotaur Fighter on Nov 10, 2021.
             Was a High Priest of Trog.
             Slain by a boulder beetle (20 damage)
             ... in the Dungeon (Sprint VII: "The Pits").
             The game lasted 00:02:14 (772 turns).

boopmooplesden the Protected (Minotaur Fighter)      Turns: 772, Time: 00:02:15

Health: -2/79      AC: 15    Str: 22    XL:     8   Next: 5%
Magic:  7/7        EV:  8    Int:  5    God:    Trog [*****.]
Gold:   0          SH: 12    Dex: 11    Spells: 7/7 levels left

rFire    . . .     SeeInvis .   q - +3 broad axe (flame)
rCold    . . .     Faith    .   c - +0 kite shield
rNeg     . . .     Spirit   .   n - +3 chain mail
rPois    .         Reflect  .   (helmet restricted)
rElec    .         Harm     .   (no cloak)
rCorr    .         Rampage  .   (no gloves)
Will     .....     NoTele   +   (no boots)
Stlth    ..........             (no amulet)
HPRegen  0.23/turn              (no ring)
MPRegen  0.10/turn              (no ring)

@: on berserk cooldown, slowed, very slow
A: horns 2, retaliatory headbutt
a: Renounce Religion, Berserk, Trog's Hand, Brothers in Arms


You were in the Dungeon.
You worshipped Trog.
Trog was extremely pleased with you.
You visited 1 branch

Inventory:

Hand Weapons
 a - a +0 war axe
 k - a +2 hand axe
 o - a +2 hand axe of freezing
 q - a +3 broad axe of flaming (weapon)
Armour
 b - a +0 scale mail
 c - a +0 kite shield (worn)
 n - a +3 chain mail (worn)
Wands
 p - a wand of iceblast (11)
Scrolls
 j - a scroll of blinking
 m - a scroll of summoning
Potions
 d - a potion of might
 e - 6 potions of curing
 f - 3 potions of heal wounds
 g - a potion of haste
 h - 4 potions of magic
 i - 3 potions of berserk rage
 l - 2 potions of invisibility


   Skills:
 + Level 10.2 Fighting
 + Level 11.0 Axes
 + Level 11.7 Armour
 + Level 1.6 Dodging
 + Level 10.7 Shields


You had 7 spell levels left.
You didn't know any spells.
Your spell library was empty.

Dungeon Overview and Level Annotations

Branches:
Dungeon (1/1)

Altars:
Cheibriados
Dithmenos
Elyvilon
Fedhas
Gozag
Hepliaklqana
Makhleb
Nemelex Xobeh
Okawaru
Qazlal
Ru
Sif Muna
Trog
Vehumet
Wu Jian
Xom
Yredelemnul
Zin
The Shining One
Beogh
Jiyva
Lugonu


Innate Abilities, Weirdness & Mutations

You have a pair of horns on your head.
You reflexively headbutt those who attack you in melee.


Message History

The boulder beetle is severely wounded.
You block the boulder beetle's attack.
The boulder beetle leaps!
You barely miss the boulder beetle.
The boulder beetle is severely wounded.
The boulder beetle bites you.
You hit the boulder beetle. You burn the boulder beetle.
You headbutt the boulder beetle.
The boulder beetle is severely wounded.
The boulder beetle bites you!!
* * * LOW HITPOINT WARNING * * *
You feel much better.
The boulder beetle bites you but does no damage.
A red film seems to cover your vision as you go berserk!
You feel yourself moving faster!
You feel mighty!
The boulder beetle leaps!
You feel a strong urge to attack something.
You feel your anger nearly subside.
The boulder beetle curls into a ball and begins rolling!
You are no longer berserk.
You are exhausted.
You feel yourself slow down. You block the boulder beetle's attack.
The boulder beetle stops rolling and uncurls.
You hit the boulder beetle but do no damage.
The boulder beetle is severely wounded.
The boulder beetle waves its antennae.
The boulder beetle bites you.
* * * LOW HITPOINT WARNING * * *
You hit the boulder beetle but do no damage.
You headbutt the boulder beetle, but do no damage.
The boulder beetle is severely wounded.
You block the boulder beetle's attack. x2
You hit the boulder beetle but do no damage.
The boulder beetle is severely wounded.
The boulder beetle bites you but does no damage.
The boulder beetle bites you.
* * * LOW HITPOINT WARNING * * *
Your chain mail prevents you from hitting the boulder beetle.
You headbutt the boulder beetle, but do no damage.
The boulder beetle is heavily wounded.
The boulder beetle bites you!!
You die...

#)#.)#.....##.......#
#.#..###'####.......#
#)##'#...†.##...<...#
#)#........##.......#
#)#........##.......#
#'###########.......#
#.).....# #########
#..#B#..# #.##@##.#
#.......#+#
#.##.##.#.+
#..#.#..#'#
#.......†.#
###########


You could see a boulder beetle.

Vanquished Creatures
  Pikel (D)
  2 ice beasts (D)
  A sky beast (D)
  A lemure (D)
  A kobold brigand (D)
  A gnoll sergeant (D)
  A crimson imp (D)
  An orc priest (D)
  2 orc wizards (D)
  5 gnolls (D)
  An adder (D)
  An orc (D)
  A bat skeleton (D)
  2 giant cockroaches (D)
  A goblin (D)
  A quokka (D)
  A frilled lizard (D)
24 creatures vanquished.

Notes
Turn   | Place    | Note
-------+----------+-------------------------------------------
     0 | D        | boopmooplesden the Minotaur Fighter began the quest for the
                  | Orb.
     0 | D        | Reached XP level 1. HP: 19/19 MP: 0/0
    15 | D        | Found a bloodstained altar of Trog.
    15 | D        | Found a shimmering blue altar of Sif Muna.
    15 | D        | Found a viscous altar of Jiyva.
    15 | D        | Found a hazy altar of Hepliaklqana.
    15 | D        | Found an opulent altar of Gozag.
    16 | D        | Found a glowing golden altar of the Shining One.
    16 | D        | Found a glowing silver altar of Zin.
    16 | D        | Found a basalt altar of Yredelemnul.
    16 | D        | Found a shimmering altar of Xom.
    16 | D        | Found an ornate altar of the Wu Jian Council.
    16 | D        | Found a sacrificial altar of Ru.
    16 | D        | Found a stormy altar of Qazlal.
    16 | D        | Found an iron altar of Okawaru.
    16 | D        | Found a sparkling altar of Nemelex Xobeh.
    16 | D        | Found a burning altar of Makhleb.
    16 | D        | Found a blossoming altar of Fedhas.
    16 | D        | Found a white marble altar of Elyvilon.
    16 | D        | Found a shadowy altar of Dithmenos.
    16 | D        | Found a snail-covered altar of Cheibriados.
    17 | D        | Found a radiant altar of Vehumet.
    17 | D        | Found a corrupted altar of Lugonu.
    19 | D        | Became a worshipper of Trog the Wrathful
    64 | D        | Reached XP level 2. HP: 7/28 MP: 1/1
   233 | D        | Reached * piety under Trog
   237 | D        | Noticed a crimson imp
   242 | D        | Reached skill level 5 in Fighting
   242 | D        | Reached skill level 5 in Armour
   242 | D        | Reached skill level 5 in Shields
   243 | D        | Killed a crimson imp
   243 | D        | Reached ** piety under Trog
   244 | D        | Reached XP level 3. HP: 29/37 MP: 2/2
   313 | D        | Noticed a gnoll sergeant
   313 | D        | Noticed a lemure
   313 | D        | Noticed an ice beast
   323 | D        | Killed a lemure
   325 | D        | Reached XP level 4. HP: 44/44 MP: 3/3
   326 | D        | Reached *** piety under Trog
   328 | D        | Noticed an ice beast
   329 | D        | Noticed a kobold brigand
   331 | D        | Killed a gnoll sergeant
   332 | D        | Reached skill level 5 in Axes
   332 | D        | Reached XP level 5. HP: 52/52 MP: 4/4
   334 | D        | Noticed a lemure
   337 | D        | Killed an ice beast
   339 | D        | Reached **** piety under Trog
   340 | D        | Reached XP level 6. HP: 41/62 MP: 5/5
   348 | D        | Noticed Pikel
   351 | D        | Killed an ice beast
   370 | D        | Killed Pikel
   371 | D        | Reached skill level 10 in Fighting
   371 | D        | Reached skill level 10 in Axes
   371 | D        | Reached skill level 1 in Dodging
   371 | D        | Reached skill level 10 in Shields
   371 | D        | Reached XP level 7. HP: 29/72 MP: 6/6
   394 | D        | Reached ***** piety under Trog
   398 | D        | Received a gift from Trog
   652 | D        | Reached XP level 8. HP: 61/79 MP: 7/7
   730 | D        | Noticed a boulder beetle
   762 | D        | HP: 2/79 [boulder beetle (22)]
   772 | D        | Slain by a boulder beetle

Illustrated notes

Levels and vault maps discovered:
D:        pitsprint [storerooms_1, entrance_room_1, metal_vault_4, armoury_1,
          mini_pit_1, grid_room_1, main_hall_1, silver_pit, the_coven_3,
          the_vestibule_1, steel_vault_4, golden_pit, hallway_of_sentries,
          crystal_vault_6, iron_vault_4, final_vault]

Skill      XL: |  1  2  3  4  5  6  7 |
---------------+----------------------+-----
Fighting       | 4 5 6 7 8 10 | 10.2
Armour         | 4 6 7 9 11 | 11.7
Shields        | 4 6 7 8 10 | 10.7
Axes           | 3 5 6 10 11 | 11.0
Dodging        | 1 |  1.6

Action                   |  1- 3 |  4- 6 |  7- 9 || total
-------------------------+-------+-------+-------++-------
Melee: Hand axe          |    28 |    37 |    25 ||    90
       Headbutt          |     4 |     6 |    16 ||    26
       War axe           |     1 |       |       ||     1
       Broad axe         |       |       |    31 ||    31
Invok: Berserk           |       |     1 |     1 ||     2
  Use: Potion            |       |     2 |     1 ||     3
Armor: Scale mail        |     4 |       |       ||     4
       Chain mail        |     3 |    12 |    15 ||    30
Dodge: Dodged            |    13 |     4 |     2 ||    19
Block: Kite shield       |    12 |    17 |    24 ||    53
